 Dungeon Crawl Stone Soup version 0.31-a0-263-ge8cad7f256 (webtiles) character file.

Game seed: 16034125674602130782

35 qw the Shooter (level 3, -1/29 HPs)
             Began as a Minotaur Hexslinger on July 13, 2023.
             Slain by a gnoll
             ... wielding a +0 flail
              (6 damage)
             ... on level 2 of the Dungeon.
             The game lasted 00:00:23 (1090 turns).

qw the Shooter (Minotaur Hexslinger)                Turns: 1090, Time: 00:00:24

Health: -1/29      AC:  7    Str: 12    XL:     3   Next: 16%
Magic:  3/3        EV:  6    Int: 10    God:
Gold:   71         SH:  0    Dex: 14    Spells: 3/4 levels left

rFire   . . .        Y - +1 sling
rCold   . . .        (no shield)
rNeg    . . .        e - +0 ring mail
rPois   .            (helmet restricted)
rElec   .            (no cloak)
rCorr   .            d - +0 pair of gloves
SInv    .            f - +0 pair of boots
Will    .....        (no amulet)
Stlth   +            (no ring)
HPRegen 0.24/turn    (no ring)
MPRegen 0.08/turn

%: no passive effects
@: held, very slow
A: horns 2, retaliatory headbutt
a: no special abilities


You were on level 2 of the Dungeon.
You visited 1 branch of the dungeon, and saw 2 of its levels.

You collected 71 gold pieces.


Innate Abilities, Weirdness & Mutations

You have a pair of horns on your head.
You reflexively headbutt those who attack you in melee.


   Skills:
 - Level 2.0 Fighting
 + Level 3.5 Ranged Weapons
 - Level 1.0 Armour
 - Level 2.1 Dodging
 - Level 1.0 Spellcasting
 - Level 2.0 Hexes


You had 3 spell levels left.
You knew the following spells:

 Your Spells              Type           Power      Damage    Failure   Level
a - Slow                  Hex            16%        N/A       34%         1

Your spell library contained the following spells:

 Spells                   Type           Power      Damage    Failure   Level
 Inner Flame              Hex/Fire       2%         N/A       83%         3
 Portal Projectile        Hex/Tloc       4%         N/A       83%         3
 Cause Fear               Hex            2%         N/A       98%         4

Inventory:

Hand Weapons
 Y - a +1 sling (weapon)
Armour
 d - a +0 pair of gloves (worn)
 e - a +0 ring mail (worn)
 f - a +0 pair of boots (worn)
Potions
 a - a potion of heal wounds {unknown}

Dungeon Overview and Level Annotations

Branches:
Dungeon (2/15)

Altars:


Message History

Found a stone staircase leading down.
Enter note:
There is an open door here.
You see here a bat corpse.
You enter the shallow water.
Moving in this stuff is going to be slow. 4 gnolls come into view.
The gnoll shouts! x3
The gnoll hits the plant with a +0 whip!
The plant begins to die.
Enter note: You shoot a sling bullet.
The sling bullet hits the gnoll.
The gnoll is lightly wounded.
You shoot a sling bullet.
The sling bullet barely misses the gnoll.
The gnoll splashes around in the water.
You shoot a sling bullet. The sling bullet hits the gnoll.
The gnoll is lightly wounded.
A nearby plant withers and dies.
The gnoll hits you from afar with a +0 spear.
The gnoll splashes around in the water.
The gnoll hits you from afar with a +0 spear.
You shoot a sling bullet.
The sling bullet barely misses the gnoll.
The gnoll barely misses you.
The gnoll throws a throwing net.
The throwing net hits you.
You become entangled in the net!
You hear a splash.
The gnoll hits you with a +0 flail.
You struggle against the net.
The gnoll hits you from afar with a +0 spear.
The gnoll hits you with a +0 flail.
You struggle against the net.
The gnoll hits you from afar with a +0 spear.
The gnoll hits you with a +0 flail.
You struggle against the net.
The gnoll hits you but does no damage.
The gnoll hits the plant with a +0 flail.
The plant begins to die.
The gnoll splashes around in the water.
The gnoll hits you with a +0 flail.
You die...

########..#
..........#
#########.# #.#
####.#####
#........#
#........#
#.....P~~####
#....~777@g~7
#...~7~~~g777
7~..7~~~g~gP
7~~...........
~~~~.~~~~~~~~~~
~~~.~~~~P~~~~~~
.~~~~~P~~~~~~
.~P~7777###77~


You could see 4 gnolls.

Vanquished Creatures
  A worm (D:1)
  3 giant cockroaches
  2 goblins (D:1)
  3 hobgoblins (D:1)
  4 jackals (D:1)
  3 quokkas
  5 ball pythons
  A bat (D:2)
  2 frilled lizards (D:1)
  2 kobolds (D:1)
  4 rats (D:1)
30 creatures vanquished.

Notes
Turn   | Place    | Note
-------+----------+-------------------------------------------
     0 | D:1      | qw the Minotaur Hexslinger began the quest for the Orb.
     0 | D:1      | Reached XP level 1. HP: 16/16 MP: 1/1
     0 | D:1      | 0 ||| qw: Version: 0.3-a-52-g30416fa
     0 | D:1      | 0 ||| qw: Game counter: 7453
     0 | D:1      | 0 ||| qw: Melee chars always use a shield: true
     0 | D:1      | 0 ||| qw: God list: Okawaru
     0 | D:1      | 0 ||| qw: Allow faded altars: false
     0 | D:1      | 0 ||| qw: Do Orc after clearing Dungeon:15 true
     0 | D:1      | 0 ||| qw: Do second Lair branch before Depths: true
     0 | D:1      | 0 ||| qw: Lair rune preference: random
     0 | D:1      | 0 ||| qw: Goals: Normal
     0 | D:1      | 0 ||| PLANNING D:1-11
   196 | D:1      | Reached skill level 3 in Ranged Weapons
   196 | D:1      | Reached XP level 2. HP: 23/23 MP: 2/2
   274 | D:1      | Found a faded altar of an unknown god.
   367 | D:1      | 367 ||| FLEEEEING.
   368 | D:1      | 368 ||| FLEEEEING.
   780 | D:1      | 780 ||| UPGRADING to +0 pair of gloves.
   785 | D:1      | 785 ||| UPGRADING to +0 ring mail.
   795 | D:1      | 795 ||| DROPPING +0 robe.
   796 | D:1      | 796 ||| UPGRADING to +0 pair of boots.
   801 | D:1      | 801 ||| DROPPING ring of magical power.
   802 | D:1      | 802 ||| READING scroll labelled JAITWETANO.
   803 | D:1      | 803 ||| DROPPING scroll of poison.
   837 | D:2      | 837 ||| STAIRDANCE
   848 | D:1      | Reached XP level 3. HP: 12/29 MP: 3/3
   948 | D:2      | Reached skill level 1 in Armour
  1089 | D:2      | HP: 5/29 [gnoll/+0 flail (6)]
  1090 | D:2      | Slain by a gnoll

Levels and vault maps discovered:
D:1:      dpeg_arrival_triangle_fractal, layout_loops_ring,
          chequers_ecumenical_altar_lobes
D:2:      layout_basic, serial_bayou_lagoon_b, uniq_sigmund, uniq_natasha

Skill      XL: |  1  2  3 |
---------------+----------+-----
Ranged Weapons | 3 |  3.5
Fighting       | 2 |  2.0
Armour         | 1 |  1.0
Dodging        | |  2.1
Spellcasting   | |  1.0
Hexes          | |  2.0

Action                     || total
---------------------------++-------
   Fire: Sling             ||    83
    Use: Scroll            ||     1
 Armour: Robe              ||     4
         Ring mail         ||     3
  Dodge: Dodged            ||    32

Table legend:
 A = Non-vault XP
 B = Vault XP
 C = Vault XP percentage of total XP
 D = Non-vault monster count
 E = Vault monster count
 F = Vault count percentage of total count
                 A         B        C        D         E       F
            +---------+---------+-------+---------+---------+-------
      Total |      50 |       0 |   0.0 |      30 |       0 |   0.0
            +---------+---------+-------+---------+---------+-------
        D:1 |      42 |       0 |   0.0 |      25 |       0 |   0.0
        D:2 |       8 |       0 |   0.0 |       5 |       0 |   0.0
            +---------+---------+-------+---------+---------+-------
